 Dungeon Crawl Stone Soup version 0.26.1-11-gd32895ea62 (webtiles) character file.

Game seed: 11402704996060000457

135 Jerry the Grave Robber (level 4, 30/30 HPs)
             Began as a Mummy Necromancer on June 8, 2021.
             Quit the game on level 2 of the Dungeon on June 9, 2021.
             The game lasted 00:09:28 (1793 turns).

Jerry the Grave Robber (Mummy Necromancer)          Turns: 1793, Time: 00:09:29

Health: 30/30      AC:  3    Str: 11    XL:     4   Next: 97%
Magic:  8/10       EV: 12    Int: 15    God:
Gold:   98         SH:  0    Dex: 12    Spells: 10/11 levels left

rFire    x . .     SeeInvis .   e - +0 dagger
rCold    + . .     Faith    .   (no shield)
rNeg     + + +     Spirit   .   a - +0 robe
rPois    ∞         Reflect  .   (no helmet)
rElec    .         Harm     .   (no cloak)
rCorr    .         Rampage  .   (no gloves)
Will     .....                  c - +0 pair of boots
Stlth    ++........             (no amulet)
HPRegen  0.10/turn              (no ring)
MPRegen  0.12/turn              (no ring)

@: no status effects
A: no potions, fire vulnerability, cold resistance 1, negative energy resistance
3, torment resistance, unbreathing
a: no special abilities


You were on level 2 of the Dungeon.
You visited 1 branch of the dungeon, and saw 2 of its levels.

You collected 98 gold pieces.

Inventory:

Hand Weapons
 e - a +0 dagger (weapon)
Missiles
 g - 5 silver boomerangs (quivered)
Armour
 a - a +0 robe (worn)
 c - a +0 pair of boots (worn)
 d - a +0 buckler
Scrolls
 b - 2 scrolls of enchant armour {unknown}
 f - 2 scrolls of noise {unknown}
 h - 3 scrolls of identify {unknown}
 i - a scroll of enchant weapon {unknown}
 j - a scroll of remove curse {unknown}


   Skills:
 - Level 1.7 Dodging
 + Level 2.8 Stealth
 + Level 4.1 Spellcasting
 + Level 4.9 Necromancy


You had 10 spell levels left.
You knew the following spells:

 Your Spells              Type           Power        Failure   Level
a - Pain                  Necr           72%          2%          1

Your spell library contained the following spells:

 Spells                   Type           Power        Failure   Level
 Animate Skeleton         Necr           36%          2%          1
 Vampiric Draining        Necr           9%           7%          3
 Animate Dead             Necr           9%           22%         4
 Agony                    Necr           18%          54%         5


Dungeon Overview and Level Annotations

Branches:
Dungeon (2/15)

Altars:


Innate Abilities, Weirdness & Mutations

You do not drink.
Your flesh is vulnerable to fire.
You are immune to poison.
Your flesh is cold resistant. (rC+)
You are immune to negative energy. (rN+++)
You are immune to unholy pain and torment.
You can survive without breathing.


Message History

Aim: an orc wizard, wielding a +0 dagger and wearing a +0 robe (severely wounded, chance to affect: 76%)
The orc wizard writhes in agony.
You kill the orc wizard!
Your Spellcasting skill increases to level 4!
You start resting.
HP restored.
j - a scroll labelled VOOBLO CIEB
Items here: )) [ †.
Unknown command.
Welcome back, Jerry the Mummy Necromancer.
Press ? for a list of commands and other information.
Unknown command.
Are you sure you want to abandon this character and quit the game? (Confirm with "yes".)
Okay, then.
Unknown command.
Unknown command.
Unknown command.
Unknown command.
Items here: )) [ †.
Are you sure you want to abandon this character and quit the game? (Confirm with "yes".)

..#.. .# #. ..#. So . #... #.#
#o#. ...# #.# #... ##..# #.#
#..# #... #.# #.)# #..# #.#
#oo##### #..### #.#
.####..#...###.@#.###.#
#.......S.#....♣♣.♣..#.##
#.##.####...#..♣♣.♣♣....######
# ##.##♣♣.♣♣♣♣♣♣♣......#
#.......♣ ♣.)###.# ###).♣♣.♣
♣..# #.# #..♣♣ ♣..## #.# #...♣
♣♣.####.# #.♣.♣ ♣......#


There were no monsters in sight!

Vanquished Creatures
  2 orc wizards (D:2)
  An orc priest (D:2)
  An adder (D:1)
  2 dart slugs
  A leopard gecko (D:1)
  2 orcs (D:2)
  2 ball pythons (D:1)
  3 bats (D:1)
  5 giant cockroaches
  3 goblins
  3 hobgoblins
  2 kobolds (D:1)
  2 frilled lizards (D:1)
  7 rats (D:1)
36 creatures vanquished.

Notes
Turn   | Place    | Note
-------+----------+-------------------------------------------
     0 | D:1      | Jerry the Mummy Necromancer began the quest for the Orb.
     0 | D:1      | Reached XP level 1. HP: 13/13 MP: 4/4
   515 | D:1      | Reached XP level 2. HP: 19/19 MP: 5/5
  1244 | D:2      | Reached XP level 3. HP: 17/24 MP: 4/7
  1454 | D:2      | Reached XP level 4. HP: 23/30 MP: 1/9
  1793 | D:2      | Quit the game

Illustrated notes

Levels and vault maps discovered:
D:1:      heliophobic_arrival_ceremonial_halls, layout_basic
D:2:      layout_loops_ring, chequers_ecumenical_altar_grove, tso_metal_star

Skill      XL: |  1  2  3  4 |
---------------+-------------+-----
Spellcasting   | 3 4 |  4.1
Stealth        | 2 |  2.8
Dodging        | |  1.7
Necromancy     | |  4.9

Action                   |  1- 3 |  4- 6 || total
-------------------------+-------+-------++-------
Melee: Unarmed           |     7 |       ||     7
Throw: Javelin           |    17 |       ||    17
       Boomerang         |       |     3 ||     3
 Cast: Pain              |    45 |    17 ||    62
Armor: Robe              |     3 |     2 ||     5
Dodge: Dodged            |    13 |     9 ||    22
